 Dungeon Crawl Stone Soup version 0.28.0-45-g0d030f2227 (webtiles) character file.

Game seed: 1042245830525041697

239 Zeld the Conjurer (level 5, -4/41 HPs)
             Began as a Draconian Conjurer on Apr 18, 2022.
             Slain by a scorpion (5 damage)
             ... on level 2 of the Dungeon.
             The game lasted 00:03:02 (2093 turns).

Zeld the Conjurer (Draconian Conjurer)              Turns: 2093, Time: 00:03:03

Health: -4/41      AC:  5    Str: 10    XL:     5   Next: 79%
Magic:  0/9        EV: 12    Int: 20    God:
Gold:   79         SH:  0    Dex:  9    Spells: 6/9 levels left

rFire   . . .      SeeInvis .   (no weapon)
rCold   . . .      Faith    .   (no shield)
rNeg    . . .      Spirit   .   (armour unavailable)
rPois   .          Reflect  .   (helmet restricted)
rElec   .          Harm     .   (no cloak)
rCorr   .          Rampage  .   (no gloves)
Will    .....                   (no boots)
Stlth   ++........              (no amulet)
HPRegen 0.13/turn               (no ring)
MPRegen 0.11/turn               (no ring)

@: lethally poisoned (-4 -> -6)
A: AC +5, unfitting armour, cold-blooded
a: no special abilities


You were on level 2 of the Dungeon.
You visited 1 branch of the dungeon, and saw 2 of its levels.

You collected 79 gold pieces.

Inventory:

Jewellery
 a - a ring of protection from cold
Scrolls
 b - a scroll of teleportation {unknown}
 d - a scroll of noise {unknown}
 e - 3 scrolls of identify {unknown}
 f - a scroll of enchant armour {unknown}
 h - a scroll of fear {unknown}
Potions
 c - a potion of curing {unknown}
 g - a potion of cancellation {unknown}
 i - a potion of attraction {unknown}


   Skills:
 + Level 2.2 Fighting
 + Level 2.7 Dodging
 + Level 2.8 Stealth
 + Level 2.8 Spellcasting
 * Level 5.2 Conjurations


You had 6 spell levels left.
You knew the following spells:

 Your Spells              Type           Power      Damage    Failure   Level
a - Magic Dart            Conj           92%        1d7       1%          1
b - Searing Ray           Conj           46%        2d6       2%          2

Your spell library contained the following spells:

 Spells                   Type           Power      Damage    Failure   Level
 Sandblast                Erth           4%         2d4       14%         1
 Dazzling Flash           Conj/Hex       26%        N/A       14%         3
 Stone Arrow              Conj/Erth      26%        3d8       14%         3
 Passwall                 Tmut/Erth      1%         N/A       22%         2
 Fulminant Prism          Conj/Hex       6%         3d7       43%         4
 Iskenderun's Mystic Bla  Conj/Tloc      13%        2d5       43%         4


Dungeon Overview and Level Annotations

Branches:
Dungeon (2/15)

Altars:

Shops:
D:2 (


Innate Abilities, Weirdness & Mutations

Your plain brown scales are hard. (AC +5)
You cannot fit into any form of body armour.
You are cold-blooded and may be slowed by cold attacks.


Message History

You feel sick.
You feel sick.
You feel sick. The scorpion completely misses you.
You feel sick.
You feel sick.
You feel sick.
You are no longer poisoned.
The scorpion closely misses you.
Casting: Searing Ray (safe; 2% risk of failure)
Confirm with . or Enter, or press ? or * to list all spells.
Aiming: Magic Dart (safe; 1% risk of failure)
Press: ? - help, Shift-Dir - straight line, f/p - scorpion
Aim: a scorpion (heavily wounded, 100% to hit)
The magic dart hits the scorpion.
The scorpion is heavily wounded.
The scorpion stings you.
* * * LOW HITPOINT WARNING * * *
You are poisoned.
The scorpion poisons you!
* * * LOW HITPOINT WARNING * * *
You feel very sick.
You feel sick.
* * * LOW HITPOINT WARNING * * *
You feel sick. The scorpion stings you.
* * * LOW HITPOINT WARNING * * *
* * * LOW HITPOINT WARNING * * *
You feel sick.
* * * LOW HITPOINT WARNING * * *
You feel sick.
Unknown command.
Casting: Magic Dart (safe; 1% risk of failure)
Confirm with . or Enter, or press ? or * to list all spells.
Aiming: Magic Dart (safe; 1% risk of failure)
Press: ? - help, Shift-Dir - straight line, f/p - scorpion
Aim: a scorpion (heavily wounded, 100% to hit)
The magic dart hits the scorpion but does no damage.
The scorpion is heavily wounded.
* * * LOW HITPOINT WARNING * * *
You feel sick. The scorpion stings you.
You die...

#.# #.# ##.)..###.## #.# #.#
##.###.###.# #.#######.## #.#
#.#.## #.# #.##........ #.#
###.### #.# #.##.####.## #.#
#.....# #.###.##.####.#
#.######.#.#.###.........÷...#
#.....)†............÷##.######
########.#.#.##########.#
#......@s........#
##################


You could see a scorpion.

Vanquished Creatures
  Sigmund (D:2)
  An adder (D:2)
  3 dart slugs (D:1)
  2 bats (D:1)
  6 endoplasms (D:1)
  3 giant cockroaches
  5 goblins
  7 hobgoblins
  6 jackals
  10 kobolds
  2 quokkas (D:1)
  2 ball pythons (D:2)
  2 frilled lizards (D:1)
50 creatures vanquished.

Notes
Turn   | Place    | Note
-------+----------+-------------------------------------------
     0 | D:1      | Zeld the Draconian Conjurer began the quest for the Orb.
     0 | D:1      | Reached XP level 1. HP: 14/14 MP: 3/3
   226 | D:1      | Reached XP level 2. HP: 22/22 MP: 1/5
   284 | D:1      | Found a faded altar of an unknown god.
   595 | D:1      | Reached skill level 1 in Fighting
   868 | D:1      | Reached XP level 3. HP: 28/28 MP: 3/6
   916 | D:1      | Learned a level 2 spell: Searing Ray
  1933 | D:2      | Found Tiggitwu's Weapon Boutique.
  1938 | D:2      | Reached XP level 4. HP: 35/35 MP: 5/7
  2037 | D:2      | Noticed Sigmund
  2042 | D:2      | Killed Sigmund
  2043 | D:2      | Reached skill level 5 in Conjurations
  2043 | D:2      | Reached XP level 5. HP: 41/41 MP: 1/9
  2091 | D:2      | HP: 2/41 [poisoned by a scorpion]
  2093 | D:2      | Slain by a scorpion

Illustrated notes

Levels and vault maps discovered:
D:1:      dpeg_arrival_tiny_b, layout_loops_corners,
          dreamdust_ecumenical_altar_grove, st_stairs_11
D:2:      minmay_kobold_bridge, layout_loops_ring, serial_shops,
          nicolae_shop_stone, uniq_sigmund

Skill      XL: |  1  2  3  4 |
---------------+-------------+-----
Stealth        | 2 |  2.8
Dodging        | 2 |  2.7
Fighting       | 1 2 |  2.2
Conjurations   | 5 |  5.2
Spellcasting   | |  2.8

Action                   |  1- 3 |  4- 6 || total
-------------------------+-------+-------++-------
Melee: Unarmed           |    16 |       ||    16
       Tailslap          |     3 |       ||     3
 Cast: Magic Dart        |    89 |     8 ||    97
       Searing Ray       |       |     2 ||     2
Armor: Skin              |    10 |     1 ||    11
Dodge: Dodged            |    19 |     7 ||    26
